 Dungeon Crawl Stone Soup version 0.29-a0-322-g68df515428 (webtiles) character file.

Game seed: 940065574329965574

135 testman the Shooter (level 4, 0/27 HPs)
             Began as a Deep Elf Arcane Marksman on Apr 6, 2022.
             Slain by a gnoll
             ... wielding a +0 spear
              (4 damage)
             ... on level 3 of the Dungeon.
             The game lasted 00:06:05 (2273 turns).

testman the Shooter (Deep Elf Arcane Marksman)      Turns: 2273, Time: 00:06:06

Health: 0/27       AC:  5    Str:  7    XL:     4   Next: 97%
Magic:  7/8        EV: 13    Int: 18    God:
Gold:   38         SH:  0    Dex: 17    Spells: 5/6 levels left

rFire   . . .      SeeInvis .   a - +0 shortbow
rCold   . . .      Faith    .   (shield currently unavailable)
rNeg    . . .      Spirit   .   b - +0 robe
rPois   .          Reflect  .   (no helmet)
rElec   .          Harm     .   (no cloak)
rCorr   .          Rampage  .   (no gloves)
Will    .....                   k - +2 pair of boots
Stlth   ++........              (no amulet)
HPRegen 0.09/turn               (no ring)
MPRegen 0.11/turn               (no ring)

@: no status effects
A: no striking features
a: no special abilities


You were on level 3 of the Dungeon.
You visited 1 branch of the dungeon, and saw 3 of its levels.

You collected 129 gold pieces.
You spent 91 gold pieces at shops.

Inventory:

Hand Weapons
 a - a +0 shortbow (weapon)
Armour
 b - a +0 robe (worn)
 k - a +2 pair of boots (worn)
Scrolls
 c - a scroll of vulnerability
 d - a scroll of amnesia
 e - 6 scrolls of teleportation
 f - a scroll of immolation
 g - a scroll of enchant armour {unknown}
 l - a scroll of torment {unknown}
 m - a scroll of holy word {unknown}
 n - a scroll of brand weapon {unknown}
Potions
 h - a potion of brilliance {unknown}
 j - 2 potions of curing


   Skills:
 + Level 2.8 Fighting
 + Level 5.2 Bows
 - Level 2.4 Dodging
 - Level 1.5 Spellcasting
 - Level 4.0 Hexes


You had 5 spell levels left.
You knew the following spells:

 Your Spells              Type           Power      Damage    Failure   Level
a - Slow                  Hex            60%        N/A       3%          1

Your spell library contained the following spells:

 Spells                   Type           Power      Damage    Failure   Level
 Inner Flame              Hex/Fire       8%         N/A       26%         3
 Portal Projectile        Hex/Tloc       16%        N/A       26%         3
 Cause Fear               Hex            7%         N/A       36%         4
 Call Canine Familiar     Summ           1%         N/A       50%         3
 Stone Arrow              Conj/Erth      2%         3d7       50%         3
 Leda's Liquefaction      Hex/Erth       4%         N/A       63%         4
 Animate Armour           Summ/Erth      2%         N/A       88%         4
 Lehudib's Crystal Spear  Conj/Erth      0%         10d2      100%        8


Dungeon Overview and Level Annotations

Branches:
Dungeon (3/15)

Altars:
Gozag
Yredelemnul

Shops:
D:2 ?(:


Message History

The gnoll hits you but does no damage. The hound barely misses you.
Shoot: a) +0 shortbow
Press: ? - help, Shift-Dir - straight line, f/p - gnoll
Aim: a gnoll, wielding a +0 spear (moderately wounded, 66% to hit)
You shoot an arrow. The arrow hits the hound.
The hound is severely wounded.
The gnoll barely misses you. The hound bites you but does no damage.
Shoot: a) +0 shortbow
Press: ? - help, Shift-Dir - straight line, f/p - gnoll
Aim: a gnoll, wielding a +0 spear (moderately wounded, 66% to hit)
You shoot an arrow. The arrow completely misses the hound.
The arrow hits the gnoll.
The gnoll is moderately wounded.
The gnoll hits you from afar with a +0 spear.
The hound bites you.
* * * LOW HITPOINT WARNING * * *
The gnoll hits you from afar with a +0 spear.
* * * LOW HITPOINT WARNING * * *
Shoot: a) +0 shortbow
Press: ? - help, Shift-Dir - straight line, f/p - gnoll
Aim: a gnoll, wielding a +0 spear (moderately wounded, 66% to hit)
You shoot an arrow. The arrow hits the hound!
You kill the hound!
The gnoll closely misses you.
Your Bows skill increases to level 5!
You are too injured to fight recklessly!
Unknown command.
Unknown command.
Shoot: a) +0 shortbow
Press: ? - help, Shift-Dir - straight line, f/p - gnoll
Aim: a gnoll, wielding a +0 spear (moderately wounded, 66% to hit)
You shoot an arrow. The arrow barely misses the gnoll.
The gnoll barely misses you.
Shoot: a) +0 shortbow
Press: ? - help, Shift-Dir - straight line, f/p - gnoll
Aim: a gnoll, wielding a +0 spear (moderately wounded, 66% to hit)
You shoot an arrow. The arrow hits the gnoll!
The gnoll is almost dead.
The gnoll hits you from afar with a +0 spear.
You die...

## ##. # .. ># .####
)# ## #... ..# #..
#..##..#.## .#.#
#..g#P......... .#.#
#...†@.........
...#.#
#+#+#P.##..#.#.
.#.#.# #..##..#.
.....# ###.........
.#.#.#
######...###..#.#
...... .........#
#..#.# # .#.###
.........# #..#.#.#
......
#######.####..#.#.#..
##.####
.....................


You could see a gnoll.

Vanquished Creatures
  2 hounds (D:3)
  An adder (D:3)
  2 worms (D:2)
  4 dart slugs
  An orc (D:3)
  10 bats
  3 endoplasms (D:1)
  2 giant cockroaches
  2 goblins
  5 hobgoblins
  5 jackals
  3 quokkas
  A ball python (D:3)
  2 frilled lizards
  3 kobolds
  3 rats
49 creatures vanquished.

Notes
Turn   | Place    | Note
-------+----------+-------------------------------------------
     0 | D:1      | testman the Deep Elf Arcane Marksman began the quest for
                  | the Orb.
     0 | D:1      | Reached XP level 1. HP: 11/11 MP: 5/5
    61 | D:1      | Reached skill level 1 in Fighting
   165 | D:1      | Reached skill level 3 in Bows
   187 | D:1      | Reached XP level 2. HP: 16/16 MP: 6/6
   620 | D:1      | Found a faded altar of an unknown god.
  1023 | D:2      | Reached XP level 3. HP: 21/21 MP: 7/7
  1138 | D:2      | Found Hagin's Book Emporium.
  1182 | D:2      | Reached skill level 4 in Bows
  1193 | D:2      | Found Pionueff's Antique Weapon Boutique.
  1683 | D:2      | Found Sikeic's Magic Scroll Emporium.
  1687 | D:2      | Bought a scroll of teleportation for 39 gold pieces
  1687 | D:2      | Bought a scroll of identify for 26 gold pieces
  1687 | D:2      | Bought a scroll of identify for 26 gold pieces
  1959 | D:3      | Found a basalt altar of Yredelemnul.
  1991 | D:3      | Found an opulent altar of Gozag.
  2052 | D:3      | Reached XP level 4. HP: 26/26 MP: 8/8
  2272 | D:3      | Reached skill level 5 in Bows
  2273 | D:3      | Slain by a gnoll

Illustrated notes

Levels and vault maps discovered:
D:1:      sevenhm_arrival_forest_fort_small_4, layout_basic,
          shapermc_ecumenical_altar_mp_highgroup, minmay_3d_cube
D:2:      layout_basic, serial_shops, nicolae_square_shop,
          nicolae_shop_hallway_stairs, nicolae_lakefront_shop,
          amcnicky_mini_pool_small
D:3:      layout_basic, nicolae_gozag_seed_capital, yredelemnul_altar_generic,
          cheibrodos_gnoll_hut

Skill      XL: |  1  2  3  4 |
---------------+-------------+-----
Fighting       | 1 2 |  2.8
Bows           | 3 4 5 |  5.2
Dodging        | |  2.4
Spellcasting   | |  1.5
Hexes          | |  4.0

Action                   |  1- 3 |  4- 6 || total
-------------------------+-------+-------++-------
 Fire: Shortbow          |   119 |    21 ||   140
 Cast: Slow              |       |     1 ||     1
  Use: Scroll            |     4 |       ||     4
Armor: Robe              |     9 |     8 ||    17
Dodge: Dodged            |    56 |    14 ||    70

Table legend: (Time is in decaauts)
 A = Elapsed time spent in this place.
 B = Non-inter-level travel time spent in this place.
 C = Inter-level travel time spent in this place.
 D = Time resting spent in this place.
 E = Time spent auto-exploring this place.
 F = Levels seen in this place.
 G = Mean time per level.
                   A        B        C        D        E       F      G
               +--------+--------+--------+--------+--------+-----+--------+
         Total |   2315 |   2165 |    150 |     56 |   1799 |   3 |  771.7 |
       Dungeon |   2315 |   2165 |    150 |     56 |   1799 |   3 |  771.7 |
               +--------+--------+--------+--------+--------+-----+--------+

Top non-repeatable levels by time:
     D:2: 1040 daAuts
     D:1: 876 daAuts
     D:3: 398 daAuts
